 Dungeon Crawl Stone Soup version 0.21.1-1-g345015f (webtiles) character file.

524 iamserjio the Sneak (level 7, -8/50 HPs)
             Began as an Octopode Monk on Apr 6, 2018.
             Shot with an arrow by a centaur (10 damage)
             ... on level 5 of the Dungeon.
             The game lasted 00:14:01 (4742 turns).

iamserjio the Sneak (Octopode Monk)                 Turns: 4742, Time: 00:14:02

Health: -8/50      AC:  1    Str: 11    XL:     7   Next: 22%
Magic:  7/7        EV: 16    Int: 12    God:
Gold:   200        SH:  0    Dex: 16    Spells: 6/6 levels left

rFire    . . .     SeeInvis .   u - +0 trident (pierce)
rCold    . . .     Gourm    .   (no shield)
rNeg     . . .     Faith    .   (helmet restricted)
rPois    .         Spirit   .   (no amulet)
rElec    .         Reflect  .   (no ring)
rCorr    .         Harm     .   (no ring)
MR       .....                  (no ring)
Stlth    ++++......             (no ring)
HPRegen  0.16/turn              (no ring)
MPRegen  0.10/turn              (no ring)
                                (no ring)
                                (no ring)

@: no status effects
A: almost no armour, stealthy swim, amphibious, 8 rings, constrict 8, camouflage
1, gelatinous body 1
a: no special abilities


You were on level 5 of the Dungeon.
You were not hungry.

You visited 1 branch of the dungeon, and saw 6 of its levels.

You collected 200 gold pieces.

Inventory:

Hand Weapons
 a - a +0 short sword
 u - a +0 trident of piercing (weapon)
Jewellery
 e - an uncursed ring of flight {unknown}
 i - a +3 amulet of reflection {unknown}
 o - an uncursed amulet of regeneration {unknown}
 q - a +3 ring of protection {unknown}
 t - an uncursed ring of protection from fire {unknown}
 v - an uncursed ring of wizardry {unknown}
Scrolls
 f - a scroll of random uselessness {unknown}
 h - 4 scrolls of identify {unknown}
 j - 3 scrolls of magic mapping {unknown}
 l - 4 scrolls of enchant armour {unknown}
 p - a scroll of immolation {unknown}
Potions
 c - 2 potions of haste {unknown}
 d - 2 potions of ambrosia {unknown}
 g - a potion of agility {unknown}
 k - a potion of mutation {unknown}
 m - a potion of degeneration {unknown}
 n - a potion of lignification {unknown}
 r - a potion of flight {unknown}
Comestibles
 b - 9 rations


   Skills:
 + Level 5.3 Fighting
 - Level 3.1 Short Blades
 + Level 5.3 Dodging
 - Level 6.1 Stealth


You had 6 spell levels left.
You didn't know any spells.

Dungeon Overview and Level Annotations

Branches:
Dungeon (6/15)
 Temple: D:4-7

Altars:
Trog

Annotations:
D:3 knicklaso's ghost, amateur HaFi


Innate Abilities, Weirdness & Mutations

You cannot wear most types of armour.
You are very stealthy in the water. (Stealth+)
You are amphibious.
You can wear up to eight rings at the same time.
You can use your tentacles to constrict eight enemies at once.
Your skin changes colour to match your surroundings (Stealth+).
Your rubbery body absorbs attacks. (AC +1, EV +1)


Message History

The centaur is lightly wounded.
The centaur hits you! The centaur hits you.
You barely miss the centaur.
The centaur is lightly wounded.
The centaur hits you. The centaur hits you!
You barely miss the centaur.
The centaur is lightly wounded.
The centaur hits you. x2
* * * LOW HITPOINT WARNING * * *
Okay, then.
You barely miss the centaur.
The centaur is lightly wounded.
The centaur hits you.
* * * LOW HITPOINT WARNING * * *
The centaur completely misses you.
The centaur wields an uncursed shortbow.
The centaur shoots an arrow.
The arrow hits you!
* * * LOW HITPOINT WARNING * * *
The centaur shoots an arrow.
The arrow hits you!
You die...

..
........#####..#
#.#.########
....... # #..#.
####.##...##
##.##.... ..? #
#.#.# ........#
#.# ..!.#
..#...###..#.#
#...#
........c....#
.###. #.#.#.#
#...@## #.#<##
#.#.##
#....#####...
#..^..........
##...#####....
##.>)........
#######.c... .c.


You could see a centaur.

Vanquished Creatures
  A phantom (D:4)
  A bullfrog (D:2)
  A howler monkey (D:4)
  A crimson imp (D:3)
  A hound (D:4)
  A jelly (D:5)
  An orc wizard (D:4)
  A centaur skeleton (D:5)
  An iguana (D:4)
  2 worker ants
  5 adders
  An ooze (D:1)
  2 adder skeletons (D:4)
  A worm (D:3)
  A dart slug (D:1)
  A leopard gecko (D:5)
  7 orcs
  A ball python (D:3)
  6 bats
  A giant cockroach (D:1)
  3 goblins
  5 hobgoblins
  5 jackals
  3 quokkas
  3 frilled lizards
  7 rats
63 creatures vanquished.

Notes
Turn   | Place    | Note
-------+----------+-------------------------------------------
     0 | D:1      | iamserjio the Octopode Monk began the quest for the Orb.
     0 | D:1      | Reached XP level 1. HP: 16/16 MP: 1/1
    76 | D:1      | Reached skill level 3 in Stealth
    76 | D:1      | Reached XP level 2. HP: 21/21 MP: 2/2
   378 | D:1      | Reached XP level 3. HP: 26/26 MP: 3/3
   925 | D:3      | Reached skill level 4 in Stealth
   925 | D:3      | Reached XP level 4. HP: 33/33 MP: 4/4
  1043 | D:3      | Noticed knicklaso's ghost (amateur HaFi)
  1644 | D:2      | Noticed a bullfrog
  1650 | D:2      | Killed a bullfrog
  1650 | D:2      | Reached XP level 5. HP: 37/37 MP: 5/5
  1653 | D:2      | Found a bloodstained altar of Trog.
  1828 | D:2      | Reached skill level 5 in Stealth
  2496 | D:4      | Reached XP level 6. HP: 43/44 MP: 6/6
  2940 | D:5      | Entered Level 5 of the Dungeon
  3279 | D:4      | Noticed a phantom
  3936 | D:5      | Reached skill level 6 in Stealth
  4157 | D:4      | Killed a phantom
  4157 | D:4      | Reached skill level 5 in Fighting
  4157 | D:4      | Reached skill level 5 in Dodging
  4157 | D:4      | Reached XP level 7. HP: 18/50 MP: 7/7
  4742 | D:5      | HP: 2/50 [centaur/arrow (7)]
  4742 | D:5      | Shot with an arrow by a centaur

Skill      XL: |  1  2  3  4  5  6 |
---------------+-------------------+-----
Stealth        | 3 4 5 6 |  6.1
Fighting       | 4 5 |  5.3
Dodging        | 4 5 |  5.3
Short Blades   | |  3.1

Action                   |  1- 3 |  4- 6 |  7- 9 || total
-------------------------+-------+-------+-------++-------
Melee: Short sword       |    33 |   103 |       ||   136
       Tentacles         |     6 |    27 |     2 ||    35
       Constrict         |     5 |    13 |     4 ||    22
       Trident           |       |    24 |    28 ||    52
 Stab: Sleeping          |    12 |    18 |     1 ||    31
  Eat: Chunk             |       |     4 |     1 ||     5
       Ration            |       |     2 |       ||     2
Armor: Skin              |     3 |     1 |     1 ||     5
Dodge: Dodged            |    15 |    67 |    25 ||   107
